 Dungeon Crawl Stone Soup version 0.30.1 (webtiles) character file.

Game seed: 17553234898789373872

4266 LustLizard the Slicer (level 10, -12/63 HPs)
             Began as a Kobold Brigand on July 9, 2023.
             Mangled by a two-headed ogre
             ... wielding a +0 giant club
              (27 damage)
             ... on level 9 of the Dungeon.
             The game lasted 00:12:14 (7292 turns).

LustLizard the Slicer (Kobold Brigand)              Turns: 7292, Time: 00:12:14

Health: -12/63     AC:  4    Str:  8    XL:     10   Next: 56%
Magic:  10/10      EV: 30    Int: 12    God:
Gold:   331        SH:  0    Dex: 22    Spells: 9/9 levels left

rFire   . . .        B - +3 dagger (elec)
rCold   . . .        (no shield)
rNeg    . . .        b - +0 robe
rPois   .            (no helmet)
rElec   .            c - +1 cloak
rCorr   .            (no gloves)
SInv    .            (no boots)
Will    .....        u - amulet of regeneration
Stlth   ++++++       h - +5 ring of evasion
HPRegen 1.10/turn    j - +5 ring of evasion
MPRegen 0.12/turn

%: no passive effects
@: no status effects
A: small, no large weapons, nightstalker 3
a: no special abilities


You were on level 9 of the Dungeon.
You visited 2 branches of the dungeon, and saw 10 of its levels.
You also visited: Sewer.

You collected 331 gold pieces.

Inventory:

Hand Weapons
 l - a +4 short sword
 B - a +3 dagger of electrocution (weapon)
Missiles
 d - 19 poisoned darts
 e - 6 curare-tipped darts
 i - 53 stones (quivered)
 p - 3 boomerangs
 J - 2 throwing nets
Armour
 b - a +0 robe (worn)
 c - a +1 cloak (worn)
 L - a +0 buckler
Jewellery
 h - a +5 ring of evasion (left hand)
 j - a +5 ring of evasion (right hand)
 r - a ring of protection from fire
 u - an amulet of regeneration (around neck)
 w - a ring of flight
 A - a ring of positive energy
Wands
 G - a wand of flame (25)
 M - a wand of mindburst (7)
Scrolls
 n - a scroll of poison
 o - 2 scrolls of magic mapping
 t - a scroll of teleportation {unknown}
 v - a scroll of vulnerability {unknown}
 x - a scroll of enchant armour
 C - a scroll of fear {unknown}
 E - a scroll of amnesia {unknown}
 F - a scroll of fog
 I - a scroll of immolation
Potions
 a - 7 potions of heal wounds
 f - a potion of magic
 g - a potion of haste {unknown}
 k - 2 potions of resistance {unknown}
 m - 5 potions of brilliance
 q - a potion of curing
 s - a potion of berserk rage {unknown}
 z - 4 potions of invisibility
 D - a potion of lignification {unknown}
 H - a potion of degeneration {unknown}
 K - 2 potions of flight {unknown}


   Skills:
 + Level 7.2 Fighting
 - Level 10.5(11.1) Short Blades
 * Level 3.2(5.4) Long Blades
 - Level 4.0 Throwing
 + Level 7.6 Dodging
 + Level 10.4 Stealth
 + Level 3.2 Evocations


You had 9 spell levels left.
You didn't know any spells.
Your spell library contained the following spells:

 Spells                   Type           Power      Damage    Failure   Level
 Leda's Liquefaction      Hex/Erth       0%         N/A       97%         4
 Lee's Rapid Deconstruct  Erth           0%         3d4*      100%        5
 Statue Form              Tmut/Erth      0%         N/A       100%        6


Dungeon Overview and Level Annotations

Branches:
Dungeon (9/15)             Temple (1/1) D:6           Sewer (visited)
   Lair: D:8-11         Orc: D:9-12

Altars:
Dithmenos
Elyvilon
Fedhas
Gozag
Hepliaklqana
Kikubaaqudgha
Makhleb
Nemelex Xobeh
Okawaru
Qazlal
Ru
Sif Muna
Uskayaw
Vehumet
Wu Jian
Xom
Yredelemnul
Zin
The Shining One

Annotations:
D:4 2 transporters
D:5 3 runed translucent doors, superradish's ghost, amateur OpBr


Innate Abilities, Weirdness & Mutations

You are small and have problems with some larger weapons.
You are completely attuned to the shadows.


Message History

a +0 whip; a +0 whip; a kobold corpse You hit the kobold brigand.
Lightning courses through the kobold brigand!
The kobold brigand is heavily wounded.
You hear a shout!
The centaur shoots an arrow.
The arrow misses you.
The kobold brigand attacks as you move away!
The kobold brigand barely misses you.
The centaur shoots an arrow.
The arrow misses you. The kobold completely misses you.
The centaur shoots an arrow.
The arrow hits you!
The centaur shoots an arrow.
The arrow hits you! The kobold completely misses you.
The centaur shoots an arrow.
The arrow completely misses you. The kobold attacks as you move away!
The kobold completely misses you. The kobold attacks as you move away!
The kobold completely misses you.
A kobold demonologist comes into view. It is wielding a +0 dagger.
You barely miss the two-headed ogre.
A kobold comes into view. It is wielding a +0 dagger.
The two-headed ogre hits you with a +0 giant club!!
The two-headed ogre completely misses you.
You barely miss the two-headed ogre.
You hit the two-headed ogre but do no damage.
A wight comes into view.
It is wielding a +4 mace and wearing a +0 robe of resistance.
The air fills with toxic fumes!
As you read the scroll labelled ALYRHA SYDEBEL, it crumbles to dust.
It was a scroll of poison.
The two-headed ogre completely misses you.
The two-headed ogre closely misses you.
As you read the scroll labelled VET WUDARUIZ, it crumbles to dust.
It is a scroll of enchant armour.
Your +0 cloak glows green for a moment.
The two-headed ogre barely misses you.
The two-headed ogre hits you with a +0 giant club!
* * * LOW HITPOINT WARNING * * *
As you read the scroll labelled BIORAIL JAXOYM, it crumbles to dust.
The scroll dissolves into smoke.
It was a scroll of fog.
As you read the scroll labelled OVAUCL PI PIC, it crumbles to dust.
The creatures around you are filled with an inner flame!
It was a scroll of immolation.
The two-headed ogre hits you with a +0 giant club!!
You die...

,***,* #.# ###..####****,,,*
,,,*,* #.# #........# *,,,*
**,*,* #.# #....#.#.#***,,,*
**,*,*#####.## #.........,**,,,**
,,,,,*#....#<###§§..)....,,,,,,,,
**,***#...###.##K.#.....#8,,8*,,,
**** ##### ##.#KW.c...##,,,,**,,
*,,***,,####.##O##.#.##,,,,,,**,
**,,*,*,,#.#.###@##.#.#**,,,,***,
,**+++++**#.## #§§§§.,**********,
**,,,,,,,*### ####§#K*⌠,,,,,,⌠*,
,>,*****,***** *,§,*,,_,,_,,*,
**,* *,,,,,,,* *,*,*⌠,,,,,,⌠*,
,,,* *,*****,******,,,*,,,,,,,,*,
**,* *,* *,,,,,,,,,,+********+,
**,***,* *********,,,,,,,,,,,,,
,,,,,,,* **,,,**,*,*,,,*


You could see a two-headed ogre (inner flame), a wraith (inner flame) and a
kobold brigand (inner flame).

Vanquished Creatures
  Pikel (D:8)
  Joseph (D:8)
  A wyvern (D:9)
  A steam dragon (D:7)
  An acid dragon (D:8)
  3 water moccasins
  2 orc warriors
  2 ice beasts
  A black bear (D:7)
  An ogre (D:7)
  2 centaurs (D:7)
  2 lemures (D:8)
  2 phantoms
  3 kobold brigands
  4 bullfrogs
  A gnoll sergeant (D:8)
  A scorpion (D:5)
  5 wights (D:8)
  5 killer bees (D:7)
  5 hounds
  5 jellies
  An orc priest (D:6)
  A sleepcap (D:6)
  5 iguanas
  Natasha (thrice) (D:3)
  An orc wizard (D:7)
  15 gnolls
  4 adders
  A river rat (D:4)
  2 shadow imps
  2 white imps
  A worm (D:4)
  3 dart slugs
  8 orcs
  11 endoplasms
  3 giant cockroaches
  7 goblins
  5 hobgoblins
  12 jackals
  3 quokkas
  10 ball pythons
  3 bats
  5 frilled lizards
  24 kobolds
  3 rats
  A butterfly (D:5)
183 creatures vanquished.

Notes
Turn   | Place    | Note
-------+----------+-------------------------------------------
     0 | D:1      | LustLizard the Kobold Brigand began the quest for the Orb.
     0 | D:1      | Reached XP level 1. HP: 12/12 MP: 1/1
   169 | D:1      | Reached XP level 2. HP: 17/17 MP: 2/2
   574 | D:1      | Reached XP level 3. HP: 20/22 MP: 3/3
  1260 | D:2      | Found a faded altar of an unknown god.
  1509 | D:3      | Noticed Natasha
  1515 | D:3      | Killed Natasha
  1516 | D:3      | Reached XP level 4. HP: 21/27 MP: 4/4
  1804 | D:3      | Noticed Natasha
  1814 | D:3      | Killed Natasha
  1815 | D:3      | Reached XP level 5. HP: 25/32 MP: 5/5
  2400 | D:4      | Reached XP level 6. HP: 34/37 MP: 6/6
  2545 | D:4      | Reached skill level 5 in Short Blades
  2567 | D:4      | Found a glowing drain.
  2588 | Sewer    | Entered a sewer
  2865 | Sewer    | Reached XP level 7. HP: 37/41 MP: 7/7
  2924 | D:3      | Noticed Natasha
  2929 | D:3      | Killed Natasha
  2954 | D:4      | Found a transporter.
  3012 | D:4      | Found a transporter.
  3152 | D:4      | Found a sparkling altar of Nemelex Xobeh.
  3517 | D:4      | Found an ornate altar of the Wu Jian Council.
  3610 | D:5      | Entered Level 5 of the Dungeon
  3680 | D:5      | Found a runed translucent gate.
  3681 | D:5      | Found a runed translucent gate.
  3682 | D:5      | Noticed superradish's ghost (amateur OpBr)
  3683 | D:5      | Found a runed translucent gate.
  3825 | D:5      | Found a shimmering altar of Xom.
  4139 | D:5      | Reached XP level 8. HP: 48/48 MP: 8/8
  4641 | D:6      | Found a staircase to the Ecumenical Temple.
  4666 | Temple   | Entered the Ecumenical Temple
  4916 | D:6      | Reached skill level 5 in Dodging
  5047 | D:6      | Reached skill level 5 in Fighting
  5292 | D:7      | Found a sacrificial altar of Ru.
  5351 | D:7      | Reached XP level 9. HP: 46/54 MP: 9/9
  5870 | D:7      | Reached skill level 10 in Short Blades
  6246 | D:8      | Found a blossoming altar of Fedhas.
  6413 | D:8      | Reached XP level 10. HP: 55/61 MP: 10/10
  6420 | D:8      | Reached skill level 1 in Evocations
  6426 | D:8      | Reached skill level 1 in Long Blades
  6523 | D:8      | Noticed Joseph
  6526 | D:8      | Killed Joseph
  6527 | D:8      | Reached skill level 10 in Stealth
  6715 | D:8      | Noticed Pikel
  6718 | D:8      | Killed Pikel
  7277 | D:9      | Noticed a two-headed ogre
  7285 | D:9      | Noticed a kobold demonologist
  7292 | D:9      | Mangled by a two-headed ogre

Illustrated notes

Levels and vault maps discovered:
D:1:      grunt_arrival_crossed_arrows, layout_basic, minmay_distorted
D:2:      layout_basic, dreamdust_ecumenical_altar_statues,
          minmay_curled_crystal
D:3:      layout_basic, solitary_fountain, uniq_natasha
D:4:      layout_loops_ring, mainiacjoe_overflow_alcove_4,
          mainiacjoe_overflow_concentric_impassable, serial_shops,
          nicolae_shop_drivethru, portal_sewer_entry_e, grunt_ministairs_9
D:5:      layout_basic, xom_butterflies, gammafunk_ghost_nasty_kobolds,
          corexii_leaking_fountain, hangedman_decor_lopped
D:6:      layout_rooms, temple_green
D:7:      layout_loops_cross, nicolae_ru_the_path_less_chosen,
          nicolae_benzene_ring
D:8:      layout_basic, lemuel_round_altar, uniq_pikel, uniq_joseph
D:9:      layout_loops_cross, nicolae_ashenzari_skybound, jmf_multi_god_temple,
          serial_shops, shop, hangedman_weighted_door, uniq_maurice
Temple:   nicolae_temple_great_sept

Skill      XL: |  1  2  3  4  5  6  7  8  9 10 |
---------------+-------------------------------+-----
Short Blades   | 3 4 5 6 8 10 | 10.5
Dodging        | 2 3 4 5 6 7 |  7.6
Stealth        | 6 7 8 9 10 | 10.4
Throwing       | 3 4 |  4.0
Fighting       | 3 4 5 6 7 |  7.2
Evocations     | 3 |  3.2
Long Blades    | 3 |  3.2

Action                     |  1- 3 |  4- 6 |  7- 9 | 10-12 || total
---------------------------+-------+-------+-------+-------++-------
  Melee: Dagger            |   116 |   147 |   335 |    90 ||   688
         Punch             |     2 |     2 |     3 |       ||     7
  Throw: Dart              |       |     3 |     4 |       ||     7
         Stone             |       |     1 |     7 |       ||     8
    Use: Scroll            |     1 |     2 |     5 |     6 ||    14
   Stab: Sleeping          |    17 |    20 |    16 |     8 ||    61
 Armour: Robe              |    15 |     7 |     9 |       ||    31
  Dodge: Dodged            |   131 |   140 |   240 |    61 ||   572
